 Dungeon Crawl Stone Soup version 0.30.0-13-g156ef70053 (webtiles) character file.

Game seed: 2690734552335855400

120 browni3141 the Shield-Bearer (level 4, -4/40 HPs)
             Began as a Minotaur Fighter on May 17, 2023.
             Frozen to death by an endoplasm (5 damage)
             ... on level 2 of the Dungeon.
             The game lasted 00:00:56 (1463 turns).

browni3141 the Shield-Bearer (Minotaur Fighter)     Turns: 1463, Time: 00:00:57

Health: -4/40      AC:  4    Str: 20    XL:     4   Next: 75%
Magic:  3/3        EV: 10    Int:  5    God:
Gold:   124        SH:  5    Dex: 12    Spells: 3/3 levels left

rFire   . . .        a - +0 war axe
rCold   . . .        c - +0 buckler
rNeg    . . .        b - +0 scale mail
rPois   .            (helmet restricted)
rElec   .            N - +0 cloak
rCorr   .            (no gloves)
SInv    .            (no boots)
Will    .....        (no amulet) Stlth
                     S - ring of flight
HPRegen 0.26/turn    (no ring)
MPRegen 0.08/turn

%: no passive effects
@: corroded, flying
A: horns 2, retaliatory headbutt
a: no special abilities


You were on level 2 of the Dungeon.
You visited 1 branch of the dungeon, and saw 2 of its levels.

You collected 124 gold pieces.

Inventory:

Hand Weapons
 a - a +0 war axe (weapon)
Armour
 b - a +0 scale mail (worn)
 c - a +0 buckler (worn)
 N - a +0 cloak (worn)
Jewellery
 S - a ring of flight (left hand)
Wands
 U - a wand of roots (9)
Scrolls
 W - a scroll of summoning {unknown}
 Y - a scroll of teleportation {unknown}
Potions
 M - a potion of might
 O - 2 potions of ambrosia {unknown}
 P - 3 potions of degeneration {unknown}
 Q - 3 potions of flight {unknown}
 R - 2 potions of attraction {unknown}
 T - a potion of lignification {unknown}
 V - a potion of resistance {unknown}
 X - a potion of brilliance {unknown}


   Skills:
 + Level 4.2 Fighting
 * Level 4.0 Axes
 + Level 4.2 Armour
 + Level 1.6 Dodging
 + Level 4.3 Shields


You had 3 spell levels left.
You didn't know any spells.
Your spell library contained the following spells:

 Spells                   Type           Power      Damage    Failure   Level
 Beastly Appendage        Tmut           0%         N/A       88%         1
 Wereblood                Tmut           0%         N/A       95%         2
 Dazzling Flash           Conj/Hex       0%         N/A       99%         3
 Spider Form              Tmut/Pois      0%         N/A       99%         3
 Volatile Blastmotes      Fire/Tloc      0%         2d10      99%         3
 Iskenderun's Mystic Bla  Conj/Tloc      0%         2d3       100%        4
 Starburst                Conj/Fire      0%         6d3       100%        6


Dungeon Overview and Level Annotations

Branches:
Dungeon (2/15)

Altars:


Innate Abilities, Weirdness & Mutations

You have a pair of horns on your head.
You reflexively headbutt those who attack you in melee.


Message History

You kill the kobold!
The kobold closely misses you.
You miss the kobold. You headbutt the kobold.
You kill the kobold!
You hit the kobold.
You kill the kobold!
You closely miss the kobold. The kobold hits you with a +0 club.
The kobold hits you but does no damage.
The kobold throws a stone.
You block the stone.
You hit the kobold.
You kill the kobold!
You barely miss the kobold. The kobold barely misses you.
You barely miss the kobold. You closely miss the kobold.
The kobold barely misses you. You furiously retaliate!
You headbutt the kobold!
You kill the kobold!
You block the kobold's attack.
You miss the kobold. The kobold hits you but does no damage.
The kobold barely misses you.
You hit the kobold but do no damage. The kobold barely misses you.
You furiously retaliate!
You headbutt the kobold!
You kill the kobold!
No target in view!
Items here: ( )) †.
No target in view!
No target in view!
You now have 124 gold pieces (gained 10).
You reach down and open the door.
There is an open door here.
A kobold comes into view. It is wielding a +0 club.
The kobold shouts!
A kobold is nearby!
A kobold is nearby!
A kobold is nearby!
A kobold is nearby!
A kobold is nearby!
You slash the kobold!
You kill the kobold!
Things that are here:
a +0 club; a kobold corpse No target in view!
You reach down and open the door.
A jelly and 8 endoplasms come into view.
The endoplasm quivers. x5; The jelly quivers.
There is an open door here.
There are monsters nearby!
The endoplasm hits you.
You slash the endoplasm!
You kill the endoplasm!
The endoplasm freezes you.
You are frozen.
The endoplasm hits the fungus.
The fungus begins to die.
The endoplasm hits the fungus.
The endoplasm freezes you.
You are frozen.
The endoplasm hits the fungus.
The fungus begins to die.
You hit the jelly.
Your hands burn!
You headbutt the jelly.
The jelly is lightly wounded.
You hit the endoplasm. You slash the endoplasm!
You kill the endoplasm!
The endoplasm freezes you.
You are frozen.
The endoplasm hits the fungus.
The fungus begins to die.
You block the jelly's attack.
You slash the endoplasm!
You kill the endoplasm!
You barely miss the endoplasm. You hit the jelly. The acid corrodes you!
Your hands burn!
The jelly hits you but does no damage.
The endoplasm hits you but does no damage.
The jelly hits you.
You are splashed with acid.
The endoplasm closely misses you.
The endoplasm hits you but does no damage.
The endoplasm completely misses the fungus.
You slash the jelly!
Your hands burn!
You headbutt the jelly, but do no damage.
The jelly is severely wounded.
You hit the endoplasm. x2; A nearby fungus withers and dies.
The jelly hits you but does no damage. The endoplasm freezes you.
You are frozen.
The endoplasm freezes you.
You are frozen.
The endoplasm hits the fungus.
You slash the endoplasm!
You kill the endoplasm!
You hit the endoplasm but do no damage. You hit the jelly.
You kill the jelly!
A nearby fungus withers and dies.
The endoplasm hits you.
Your Axes skill increases to level 4!
You barely miss the endoplasm. You headbutt the endoplasm.
You kill the endoplasm!
You hit the endoplasm. x2; A nearby fungus withers and dies.
You block the endoplasm's attack.
The endoplasm hits you but does no damage.
The endoplasm freezes you.
You are frozen.
The endoplasm barely misses you. You furiously retaliate!
You headbutt the endoplasm!
You kill the endoplasm!
You hit the endoplasm. Your headbutt misses the endoplasm.
The endoplasm is moderately wounded.
You hit the endoplasm but do no damage.
The endoplasm hits you but does no damage.
The endoplasm freezes you.
You are frozen.
You die...

... ### #.# #######.##....÷)#
##.####....#.#.#..P...#
....##.....#.#.#....÷.#
....)).....#'#)#..÷.P÷##..#
....').(.....#.#.÷....##..#
....)........#.#...P..##...
....##.......#.#JJ....##..#
...####......##'@....P##..# ...#
##########.....÷##..### ...#
#########....# # #..#
###########..####.## #..##
###.........†......... ....####
#..................(## .......#
#...............##.## .......#
#...##..##..##..##.###
.......#####..####.)..####.......


You could see 2 endoplasms.

Vanquished Creatures
  A jelly (D:2)
  4 gnolls
  2 dart slugs (D:1)
  7 endoplasms
  2 giant cockroaches (D:1)
  3 goblins (D:1)
  2 hobgoblins
  2 quokkas (D:1)
  3 ball pythons
  3 bats (D:1)
  14 kobolds
  5 rats
48 creatures vanquished.

Notes
Turn   | Place    | Note
-------+----------+-------------------------------------------
     0 | D:1      | browni3141 the Minotaur Fighter began the quest for the
                  | Orb.
     0 | D:1      | Reached XP level 1. HP: 19/19 MP: 0/0
   211 | D:1      | Reached XP level 2. HP: 27/27 MP: 1/1
   218 | D:1      | Reached skill level 3 in Axes
   436 | D:1      | Reached XP level 3. HP: 33/33 MP: 2/2
   941 | D:2      | Reached XP level 4. HP: 16/40 MP: 3/3
  1462 | D:2      | HP: 1/40 [frozen (3)]
  1463 | D:2      | Frozen to death by an endoplasm

Illustrated notes

Levels and vault maps discovered:
D:1:      tarquinn_simple_flora_water_a, layout_loops_ring,
          amcnicky_mini_pool_small, chequers_serial_rivers_marsh,
          kennysheep_flooded_box
D:2:      cheibrodos_fertilizer, layout_basic, palyth_stone_intersect,
          chequers_serial_rivers_large_a

Skill      XL: |  1  2  3  4 |
---------------+-------------+-----
Axes           | 3 4 |  4.0
Shields        | 4 |  4.3
Dodging        | 1 |  1.6
Fighting       | 4 |  4.2
Armour         | 4 |  4.2

Action                     |  1- 3 |  4- 6 || total
---------------------------+-------+-------++-------
  Melee: War axe           |    58 |    23 ||    81
         Headbutt          |     5 |     7 ||    12
 Armour: Scale mail        |    22 |    14 ||    36
  Dodge: Dodged            |    25 |    10 ||    35
  Block: Buckler           |     7 |    10 ||    17
